AoeStats
← romeo63

Black Forest

510177728Analyzed
4v4 RM · 3d ago on Sep 29, 2026· 52m 36s· 8 players
Game mode
Random Map
Map size
Large (8 player)
Population
200
Speed
Normal
Resources
Standard
Victory
Conquest
Starting age
Dark Age
Ending age
Imperial Age
RankedLock teamsTeams togetherTeam positionsShared explorationLock speedFull tech treeHidden civsTurbo modeCheats
Victory
Defeat
🇦🇷 Khmer · Argentina
1070
+16
1064
+16
🇨🇴 Romans · Colombia
1058
+17
🇲🇽 Inca · Mexico
1048
+17
🇹🇷 Poles · Türkiye
1158
-21
🇹🇷 Britons · Türkiye
1133
-19
🇹🇷 Teutons · Türkiye
1022
-14
🇹🇷 Byzantines · Türkiye
970
-12
decarolinadelnorte
10:27 Feudal Age
14:42 Castle Age
13:07 Horse Collar
13:37 Double-Bit Axe
14:11 Gold Mining
14:36 Stone Mining
17:54 Wheelbarrow
17:36 Bow Saw
20:14 Fervor
25:37 Hand Cart
25:53 Heavy Plow
26:35 Gold Shaft Mining
26:43 Stone Shaft Mining
26:35 Loom
26:38 Town Watch
29:37 Imperial Age
30:23 Bloodlines
30:14 Husbandry
31:17 Padded Archer Armor
31:43 Ballistics
31:30 Double Crossbow
31:51 Conscription
30:53 Elite Ballista Elephant
32:47 Leather Archer Armor
32:54 Fletching
34:08 Chemistry
37:46 Caravan
39:38 Crop Rotation
Arthedain
0:44 Loom
13:40 Feudal Age
18:32 Castle Age
16:46 Horse Collar
17:35 Gold Mining
24:47 Double-Bit Axe
27:22 Wheelbarrow
27:13 Bow Saw
28:13 Fortified Wall
31:46 Imperial Age
30:03 Masonry
30:14 Ballistics
29:51 Town Watch
30:25 Hand Cart
30:04 Stone Mining
30:40 Murder Holes
30:55 Heavy Plow
30:49 Fletching
32:19 Gold Shaft Mining
32:08 Heavy Scorpion
33:57 Chemistry
34:00 Architecture
34:13 Siege Engineers
35:52 Crop Rotation
35:54 Caravan
36:06 Bodkin Arrow
36:22 Forging
36:49 Ballistas
37:05 Conscription
37:39 Scale Mail Armor
38:14 Iron Casting
39:27 Comitatenses
39:11 Man-at-Arms
39:13 Pikeman
39:53 Squires
40:33 Long Swordsman
41:32 Chain Mail Armor
42:17 Blast Furnace
43:04 Legionary
Kyryuzero
0:57 Loom
12:00 Feudal Age
13:33 Double-Bit Axe
16:01 Castle Age
15:11 Horse Collar
17:05 Bow Saw
23:48 Heavy Plow
24:37 Wheelbarrow
25:40 Hand Cart
26:12 Gold Mining
29:22 Imperial Age
28:30 Gold Shaft Mining
28:05 Stone Mining
29:25 Stone Shaft Mining
29:08 Fletching
29:37 Treadmill Crane
30:00 Bodkin Arrow
31:00 Conscription
31:22 Crop Rotation
30:15 Elite Kamayuk
30:58 Scale Mail Armor
31:02 Squires
32:05 Chain Mail Armor
31:56 Fabric Shields
32:07 Arson
32:39 Caravan
33:49 Plate Mail Armor
34:09 Forging
35:29 Ballistics
36:33 Iron Casting
36:27 Bracer
36:48 Masonry
38:40 Blast Furnace
39:06 Coinage
38:49 Siege Engineers
41:45 Chemistry
47:57 Padded Archer Armor
47:56 Murder Holes
49:24 Town Watch
51:48 Fortified Wall
The Viper (Minus quick walls)
9:21 Loom
13:04 Feudal Age
14:16 Double-Bit Axe
14:20 Horse Collar
16:45 Castle Age
15:55 Gold Mining
18:04 Bow Saw
23:08 Wheelbarrow
24:56 Hand Cart
24:52 Heavy Plow
24:46 Stone Mining
30:04 Fletching
33:10 Imperial Age
31:38 Bodkin Arrow
31:44 Padded Archer Armor
32:07 Ballistics
32:47 Town Watch
33:55 Leather Archer Armor
33:48 Thumb Ring
33:57 Bloodlines
33:49 Husbandry
35:03 Chemistry
34:27 Conscription
34:22 Bracer
34:17 Elite Mangudai
36:49 Drill
39:00 Onager
39:12 Capped Ram
41:16 Siege Engineers
41:34 Town Patrol
41:20 Siege Ram
44:01 Siege Onager
47:19 Caravan
Çalooo
0:35 Loom
11:48 Feudal Age
17:43 Castle Age
15:58 Double-Bit Axe
16:00 Horse Collar
17:33 Wheelbarrow
23:26 Heavy Plow
23:39 Bow Saw
29:50 Imperial Age
28:15 Forging
28:06 Scale Mail Armor
28:12 Scale Barding Armor
29:40 Iron Casting
29:59 Bloodlines
29:58 Cavalier
31:25 Chain Mail Armor
31:31 Chain Barding Armor
33:07 Chemistry
32:42 Hand Cart
32:42 Caravan
33:21 Paladin
36:05 Blast Furnace
35:36 Plate Mail Armor
35:42 Plate Barding Armor
39:12 Onager
44:10 Siege Onager
48:29 Ballistics
48:11 Arrowslits
48:16 Guard Tower
48:33 Siege Engineers
48:20 Heated Shot
48:41 Fortified Wall
Ivar the Boneless
12:39 Feudal Age
18:42 Castle Age
16:39 Horse Collar
16:52 Double-Bit Axe
17:50 Forging
17:41 Scale Mail Armor
17:47 Scale Barding Armor
24:53 Stone Mining
25:04 Gold Mining
26:22 Bow Saw
27:05 Stone Shaft Mining
28:47 Heavy Plow
34:24 Imperial Age
32:28 Caravan
32:59 Coinage
33:08 Iron Casting
32:48 Chain Mail Armor
32:54 Chain Barding Armor
33:42 Wheelbarrow
34:26 Chain Barding Armor
34:56 Szlachta Privileges
34:31 Elite Skirmisher
37:50 Blast Furnace
37:21 Plate Mail Armor
36:51 Padded Archer Armor
36:42 Fletching
36:58 Husbandry
36:33 Cavalier
39:06 Ballistics
42:05 Conscription
45:10 Bodkin Arrow
45:30 Leather Archer Armor
romeo63
4:45 Loom
12:27 Feudal Age
13:26 Double-Bit Axe
17:25 Gold Mining
18:21 Horse Collar
22:34 Castle Age
23:51 Bow Saw
24:01 Heavy Plow
24:48 Wheelbarrow
25:07 Wheelbarrow
27:27 Hand Cart
27:54 Gold Shaft Mining
31:29 Imperial Age
30:53 Scale Barding Armor
30:59 Forging
32:16 Chain Barding Armor
33:12 Chemistry
32:50 Pikeman
33:31 Squires
34:45 Stone Mining
36:08 Logistica
36:38 Elite Cataphract
37:19 Halberdier
37:22 Heavy Camel Rider
40:48 Plate Barding Armor
48:29 Two-Man Saw
50:17 Onager
hannibal
0:46 Loom
10:53 Feudal Age
12:13 Double-Bit Axe
17:33 Castle Age
15:21 Horse Collar
16:45 Stone Mining
17:25 Gold Mining
30:38 Imperial Age
28:54 Wheelbarrow
28:22 Fletching
29:56 Gold Shaft Mining
29:23 Bodkin Arrow
29:29 Padded Archer Armor
31:29 Ballistics
31:25 Leather Archer Armor
30:37 Pikeman
31:17 Squires
31:02 Arson
31:38 Heavy Plow
31:57 Bracer
32:59 Chemistry
32:51 Conscription
33:23 Conscription
33:12 Siege Engineers
34:53 Yeomen
34:54 Elite Longbowman
39:57 Ring Archer Armor
39:27 Town Watch
39:57 Hand Cart
47:19 Caravan
Connection lost

Rejoining the realm…

Still unreachable

The connection could not be restored.

Session expired

The server has moved on; the page needs a fresh start.